AoeStats
← DrMapp3000

Black Forest

509015364Analyzed
2v2 RM · 8d ago on Sep 25, 2026· 73m 10s· 4 players
Game mode
Random Map
Map size
Medium (4 player)
Population
200
Speed
Normal
Resources
Standard
Victory
Conquest
Starting age
Dark Age
Ending age
Imperial Age
RankedLock teamsTeams togetherTeam positionsShared explorationLock speedFull tech treeHidden civsTurbo modeCheats
Victory
Defeat
🇺🇸 Britons · United States
459
+16
🇲🇽 Italians · Mexico
438
+16
🇺🇸 Saxons · United States
454
-16
🇺🇸 Danes · United States
449
-16
LiguarSan
16:49 Feudal Age
17:21 Horse Collar
17:30 Double-Bit Axe
24:38 Castle Age
22:53 Forging
22:44 Scale Mail Armor
22:51 Scale Barding Armor
24:49 Padded Archer Armor
24:44 Fletching
24:57 Arson
26:53 Bow Saw
26:46 Heavy Plow
27:53 Gold Mining
27:59 Stone Mining
27:33 Pikeman
28:14 Squires
35:32 Coinage
35:02 Caravan
35:50 Man-at-Arms
36:40 Husbandry
37:32 Wheelbarrow
36:29 Elite Skirmisher
38:12 Fortified Wall
37:58 Murder Holes
42:45 Imperial Age
41:13 Hand Cart
40:54 Guard Tower
43:14 Long Swordsman
45:59 Capped Ram
46:00 Onager
47:19 Banking
47:00 Guilds
47:08 Elite Genoese Crossbowman
48:23 Hoardings
48:09 Silk Road
49:44 Keep
50:09 Two-Handed Swordsman
50:15 Crossbowman
51:00 Thumb Ring
52:15 Chemistry
51:42 Chain Barding Armor
51:38 Chain Mail Armor
51:59 Iron Casting
51:43 Masonry
53:38 Bombard Tower
54:27 Redemption
54:18 Atonement
54:06 Arrowslits
54:53 Architecture
55:25 Champion
58:31 Pirotechnia
58:43 Conscription
58:58 Ballistics
58:30 Heated Shot
58:20 Treadmill Crane
61:29 Arbalester
62:02 Cavalier
64:42 Light Cavalry
65:33 Bloodlines
LATEAFNICE
1:01 Loom
14:04 Feudal Age
17:08 Wheelbarrow
16:19 Town Watch
16:26 Double-Bit Axe
24:42 Castle Age
22:39 Gold Mining
24:00 Stone Mining
25:59 Hand Cart
33:13 Imperial Age
32:36 Murder Holes
32:52 Masonry
32:59 Fortified Wall
32:45 Horse Collar
33:51 Bow Saw
38:34 Chemistry
38:05 Architecture
39:28 Warwolf
42:42 Conscription
43:04 Ballistics
42:50 Padded Archer Armor
42:41 Fletching
44:27 Yeomen
45:27 Town Patrol
45:47 Leather Archer Armor
45:27 Bodkin Arrow
45:41 Siege Engineers
46:40 Heavy Plow
48:02 Two-Man Saw
46:42 Elite Longbowman
48:35 Gold Shaft Mining
61:22 Ring Archer Armor
60:54 Bracer
60:55 Scale Mail Armor
61:06 Forging
62:57 Scale Barding Armor
63:15 Caravan
63:19 Cavalier
64:00 Husbandry
Spinosaurus320
0:28 Loom
12:12 Feudal Age
13:09 Double-Bit Axe
13:15 Horse Collar
14:04 Arson
14:37 Town Watch
23:40 Castle Age
22:02 Stone Mining
23:18 Fletching
23:28 Gold Mining
23:56 Padded Archer Armor
24:30 Forging
29:11 Bodkin Arrow
29:32 Leather Archer Armor
31:14 Bow Saw
33:00 Heavy Plow
38:04 Imperial Age
37:04 Wheelbarrow
37:09 Iron Casting
36:35 Scale Mail Armor
36:54 Fortified Wall
36:56 Masonry
40:03 Chemistry
39:10 Siege Engineers
40:11 Hand Cart
40:05 Bracer
40:35 Ring Archer Armor
42:47 Two-Man Saw
42:23 Crop Rotation
43:12 Ballistics
43:55 Chemistry
43:54 Gold Shaft Mining
42:53 Shield Wall
43:26 Elite Hearth Troop
44:54 Chain Mail Armor
45:03 Conscription
46:21 Plate Mail Armor
46:08 Murder Holes
47:01 Crossbowman
47:47 Thumb Ring
52:14 Squires
52:00 Gambesons
52:42 Arbalester
52:45 Elite Skirmisher
53:49 Pikeman
53:52 Elite Varangian Guard
60:50 Caravan
DrMapp3000
3:32 Loom
17:14 Feudal Age
17:56 Fishing Lines
18:29 Double-Bit Axe
22:18 Wheelbarrow
27:47 Castle Age
29:08 Gold Mining
30:32 Wheelbarrow
Connection lost

Rejoining the realm…

Still unreachable

The connection could not be restored.

Session expired

The server has moved on; the page needs a fresh start.